 Dungeon Crawl Stone Soup version 0.20-a0-983-g35de22d (webtiles) character file.

23312 MirrMurr the Spear-Bearer (level 12, -3/98 HPs)
             Began as a Demonspawn Berserker on Apr 10, 2017.
             Was a High Priest of Trog.
             Splashed by an oklob plant's acid (15 damage)
             ... on level 2 of the Lair of Beasts.
             The game lasted 00:40:16 (12962 turns).

MirrMurr the Spear-Bearer (Demonspawn Berserker)   Turns: 12962, Time: 00:40:17

Health: -3/98      AC:  4    Str: 22    XL:     12   Next: 70%
Magic:  0/12       EV: 17    Int:  8    God:    Trog [*****.]
Gold:   899        SH:  0    Dex: 20    Spells: 11/11 levels left

rFire    + . .     SeeInvis +   P - +7 bardiche "Atauh" {vamp, rF+ rC++ Int-5}
rCold    + + .     Gourm    .   (shield currently unavailable)
rNeg     . . .     Faith    .   h - +0 plate armour
rPois    .         Spirit   +   (helmet restricted)
rElec    .         Reflect  .   (no cloak)
rCorr    .         Harm     .   N - +0 pair of gloves
MR       +....                  j - +0 pair of boots
Stlth    ..........             (no amulet)
Regen    0.3/turn               I - ring "Wokk" {MR+ Int+4 Dex+3 SInv}
MPRegen  0.2/turn               K - +5 ring of evasion

@: corroded
A: antennae 1, thin skeletal structure 2, spiny 3, magic shield
a: Berserk, Trog's Hand, Brothers in Arms, Burn Spellbooks, Renounce Religion


You were on level 2 of the Lair of Beasts.
You worshipped Trog.
Trog was extremely pleased with you.
You were hungry.

You visited 2 branches of the dungeon, and saw 13 of its levels.

You collected 899 gold pieces.

Inventory:

Hand Weapons
 a - a +1 glaive
 b - a +3 spear of flaming
 w - a +0 blowgun
 P - the +7 bardiche "Atauh" (weapon) {vamp, rF+ rC++ Int-5}
   (Trog gifted it to you on level 11 of the Dungeon)

   It inflicts no extra harm, but heals its wielder when it wounds a living foe.
   It affects your intelligence (-5).
   It protects you from fire.
   It greatly protects you from cold.
Missiles
 g - 57 poisoned needles
 i - 361 stones
 u - 7 curare-tipped needles
 M - 3 steel javelins (quivered)
Armour
 h - a +0 plate armour (worn)
 j - a +0 pair of boots (worn)
 J - a +0 buckler
 N - a +0 pair of gloves (worn)
Jewellery
 m - an uncursed ring of magical power
 n - an uncursed ring of protection from magic
 v - an uncursed ring of protection from fire
 G - an uncursed ring of ice
 I - the ring "Wokk" (left hand) {MR+ Int+4 Dex+3 SInv}
   (You took it off a crimson imp on level 6 of the Dungeon)

   [ring of see invisible]

   It affects your intelligence (+4).
   It affects your dexterity (+3).
   It affects your resistance to hostile enchantments.
   It lets you see invisible.
 K - a +5 ring of evasion (right hand)
Wands
 t - a wand of iceblast (15/15)
 C - a wand of confusion (24/48)
 F - a wand of polymorph (7/24)
 H - a wand of flame (25/48)
Scrolls
 l - 4 scrolls of enchant armour
 r - 8 scrolls of remove curse
 x - 4 scrolls of fear
 E - 4 scrolls of teleportation
 O - a scroll of fog
 S - a scroll of blinking
Potions
 d - 4 potions of haste
 e - 2 potions of flight {unknown}
 k - 2 potions of might
 o - 4 potions of mutation
 p - 5 potions of brilliance
 q - 2 potions of berserk rage {unknown}
 y - 2 potions of degeneration {unknown}
 z - a potion of ambrosia {unknown}
 A - 2 potions of agility {unknown}
 D - 5 potions of curing
 L - 5 potions of lignification {unknown}
 Q - 2 potions of resistance {unknown}
Books
 T - a book of Changes

   Spells                             Type                      Level
   a - Beastly Appendage              Transmutation                1
   b - Sticks to Snakes               Transmutation                2
   c - Spider Form                    Transmutation/Poison         3
   d - Ice Form                       Ice/Transmutation            4
   e - Blade Hands                    Transmutation                5
   Trog disapproves of the use of such an item.
Comestibles
 c - 4 bread rations
 f - 12 royal jellies
 s - 8 meat rations
 B - 11 fruits


   Skills:
 + Level 10.3 Fighting
 * Level 12.6 Polearms
 + Level 9.0 Armour
 + Level 9.3 Dodging


You had 11 spell levels left.
You didn't know any spells.

Dungeon Overview and Level Annotations

Branches:
Dungeon (11/15)            Temple (0/1) D:6            Lair (2/6) D:11
    Orc (0/2) D:9
  Swamp: Lair:2-4    Shoals: Lair:2-4     Snake: Lair:2-4    Spider: Lair:2-4

Altars:
Dithmenos
Elyvilon
Fedhas
Hepliaklqana
Kikubaaqudgha
Nemelex Xobeh
Okawaru
Qazlal
Sif Muna
Trog
Uskayaw
Vehumet
Yredelemnul
Zin
The Shining One

Shops:
D:6 =

Annotations:
Lair:2 exclusion: 2 oklob plants


Innate Abilities, Weirdness & Mutations

You have a pair of small antennae on your head.
You have a moderately thin skeletal structure. (Dex +4, Stealth+)
You are completely covered in sharp spines.
When hurt, damage is shared between your health and your magic reserves.


Message History

You reach to attack!
You slash the oklob plant!
The oklob plant is severely damaged.
The oklob plant spits acid at you. The splash of acid hits you!
You are splashed with acid!
The acid burns!
The oklob plant spits acid at you. The splash of acid hits you!
The acid corrodes you!
You are splashed with acid!
The acid burns!
You are too injured to fight recklessly!
You are too injured to fight recklessly!
You are too injured to fight recklessly!
The oklob plant spits acid at you. The splash of acid hits you!
* * * LOW HITPOINT WARNING * * *
The acid corrodes you!
You are splashed with acid!
The acid burns!
* * * LOW HITPOINT WARNING * * *
The oklob plant spits acid at you. The splash of acid hits you!
* * * LOW HITPOINT WARNING * * *
The acid corrodes you!
You are splashed with acid!
The acid burns!
You die...

##P................
###.....†............
#...............##...
#..P#................
#.P..#..........#####
######..........## #
#.)?.P...P#....#.####
#P.%?....###.......#
#$P.@...##.#...#...#
#)..)...P.#..#####.##
######......####...P#
##.........P###...#
##..........# ###.#
##...........# #.#
##............# ##..
#............## #..#
##...........# ##.#


You could see 2 oklob plants.

Vanquished Creatures
  A hydra (Lair:1)
  3 two-headed ogres
  Erica (D:8)
  An unseen horror (D:11)
  Pikel (D:6)
  An oklob plant (Lair:2)
  Joseph (D:7)
  2 black mambas
  A gargoyle (D:11)
  4 spiny frogs
  Psyche (D:8)
  A kobold demonologist (D:11)
  4 komodo dragons
  A rime drake (Lair:1)
  3 trolls
  2 hornets
  A hippogriff (D:7)
  Sigmund (D:2)
  A vampire (D:11)
  A basilisk (Lair:1)
  13 yaks
  3 wyverns
  Grum (D:8)
  Menkaure (D:6)
  A soldier ant (D:8)
  2 water moccasins (Lair:2)
  5 porcupines
  2 orc warriors (D:9)
  3 ice beasts
  3 phantoms
  5 sky beasts
  A slave (D:6)
  4 black bears
  An ogre (D:4)
  3 centaurs
  4 wolves (D:8)
  10 crocodiles
  2 big kobolds
  A gnoll sergeant (D:9)
  18 bullfrogs
  Dowan (D:6)
  A wyvern skeleton (D:10)
  3 scorpions
  64 killer bees
  3 wights (D:11)
  A howler monkey (D:5)
  4 crimson imps
  3 bullfrog zombies
  A centaur zombie (D:8)
  3 bullfrog skeletons
  4 jellies
  10 orc wizards
  2 orc priests
  2 centaur skeletons
  10 hounds
  3 iguanas
  Terence (D:2)
  8 worker ants
  A hound skeleton (D:7)
  A hound zombie (D:10)
  9 gnolls
  13 adders
  A howler monkey skeleton (D:8)
  A shadow imp (D:8)
  2 oozes
  3 adder zombies
  7 worms
  2 dart slugs (D:2)
  11 leopard geckos
  37 orcs
  A ball python (D:1)
  3 giant cockroaches
  5 goblins
  8 hobgoblins
  14 jackals
  4 quokkas
  4 bats
  5 frilled lizards
  2 jackal skeletons (D:7)
  11 kobolds
  A leopard gecko skeleton (D:5)
  A quokka skeleton (D:7)
  3 rats
  A spectral orc (D:6)
390 creatures vanquished.

Vanquished Creatures (others)
  A slave (D:8)
  An ogre (D:6)
  An adder zombie (D:8)
  5 orcs
  2 butterflies (D:6)
  6 fungi
  3 plants (Lair:2)
19 creatures vanquished.

Grand Total: 409 creatures vanquished

Notes
Turn   | Place    | Note
-------+----------+-------------------------------------------
     0 | D:1      | MirrMurr the Demonspawn Berserker began the quest for the Orb.
     0 | D:1      | Reached XP level 1. HP: 18/18 MP: 1/1
   223 | D:1      | Reached skill level 3 in Polearms
   223 | D:1      | Gained mutation: You have a pair of small antennae on your head. [demonic ancestry]
   223 | D:1      | Reached XP level 2. HP: 24/24 MP: 2/2
   921 | D:1      | Gained mutation: You have a somewhat thin skeletal structure. (Dex +2, Stealth) [demonic ancestry]
   921 | D:1      | Reached XP level 3. HP: 29/29 MP: 3/3
  1026 | D:2      | HP: 1/29 [poisoned by an adder]
  1498 | D:2      | Noticed Terence
  1543 | D:2      | Killed Terence
  1543 | D:2      | Gained mutation: You are partially covered in sharp spines. [demonic ancestry]
  1543 | D:2      | Reached XP level 4. HP: 33/35 MP: 4/4
  1733 | D:2      | Reached ** piety under Trog
  1757 | D:2      | Noticed Sigmund
  1773 | D:2      | Killed Sigmund
  1773 | D:2      | Reached skill level 4 in Polearms
  1773 | D:2      | Gained mutation: You are mostly covered in sharp spines. [demonic ancestry]
  1773 | D:2      | Reached XP level 5. HP: 42/42 MP: 5/5
  2214 | D:3      | Found a hide-covered altar of Uskayaw.
  2285 | D:3      | Gained mutation: You are completely covered in sharp spines. [demonic ancestry]
  2285 | D:3      | Reached XP level 6. HP: 46/48 MP: 6/6
  2977 | D:4      | Found a shadowy altar of Dithmenos.
  3003 | D:4      | Reached skill level 5 in Polearms
  3003 | D:4      | Gained mutation: When hurt, damage is shared between your health and your magic reserves. [demonic ancestry]
  3003 | D:4      | Reached XP level 7. HP: 46/55 MP: 7/7
  3113 | D:4      | Found a blossoming altar of Fedhas.
  3116 | D:4      | Found a deep blue altar of Sif Muna.
  3119 | D:4      | Found a glowing golden altar of the Shining One.
  3133 | D:4      | Found a stormy altar of Qazlal.
  3589 | D:5      | Entered Level 5 of the Dungeon
  3649 | D:5      | Reached *** piety under Trog
  3910 | D:5      | Found a sparkling altar of Nemelex Xobeh.
  4062 | D:5      | Reached skill level 5 in Fighting
  4333 | D:6      | Reached XP level 8. HP: 45/62 MP: 8/8
  4450 | D:6      | Found a radiant altar of Vehumet.
  4563 | D:6      | Found a white marble altar of Elyvilon.
  4576 | D:6      | Reached skill level 6 in Polearms
  4585 | D:6      | Noticed Pikel
  4631 | D:6      | Killed Pikel
  4702 | D:6      | Found a staircase to the Ecumenical Temple.
  4828 | D:6      | Found a basalt altar of Yredelemnul.
  4873 | D:6      | Found Koorgh's Jewellery Shop.
  5015 | D:6      | Got a brightly glowing marble ring
  5016 | D:6      | Identified the ring "Wokk" {MR+ Int+4 Dex+3 SInv} (You took it off a crimson imp on level 6 of the Dungeon)
  5043 | D:6      | Noticed Dowan
  5054 | D:6      | Killed Dowan
  5067 | D:6      | Noticed Menkaure
  5073 | D:6      | Killed Menkaure
  5073 | D:6      | Reached skill level 7 in Polearms
  5271 | D:7      | Reached skill level 5 in Armour
  5317 | D:7      | Reached skill level 5 in Dodging
  5325 | D:7      | Reached XP level 9. HP: 46/69 MP: 5/9
  5355 | D:7      | Received a gift from Trog
  5607 | D:7      | Noticed Joseph
  5610 | D:7      | Reached skill level 8 in Polearms
  5632 | D:7      | Killed Joseph
  6150 | D:7      | Found an ancient bone altar of Kikubaaqudgha.
  6323 | D:8      | Noticed Erica
  6333 | D:8      | Killed Erica
  6333 | D:8      | Reached XP level 10. HP: 50/79 MP: 7/10
  6364 | D:8      | Reached skill level 9 in Polearms
  6570 | D:8      | Noticed a two-headed ogre
  6583 | D:8      | Killed a two-headed ogre
  6943 | D:8      | Noticed Psyche
  6984 | D:8      | Noticed Grum
  6994 | D:8      | Reached **** piety under Trog
  7055 | D:8      | Killed Grum
  7261 | D:8      | Killed Psyche
  7261 | D:8      | Reached skill level 10 in Polearms
  7506 | D:8      | Found a bloodstained altar of Trog.
  7551 | D:8      | Noticed a two-headed ogre
  7560 | D:8      | Killed a two-headed ogre
  7757 | D:9      | Found a staircase to the Orcish Mines.
  7814 | D:9      | Reached XP level 11. HP: 74/86 MP: 8/11
  8386 | D:9      | Found an iron altar of Okawaru.
  8637 | D:9      | Noticed a two-headed ogre
  8646 | D:9      | Killed a two-headed ogre
  8646 | D:9      | Received a gift from Trog
  9099 | D:10     | Entered Level 10 of the Dungeon
  9979 | D:11     | Reached skill level 11 in Polearms
 10015 | D:11     | Found a glowing silver altar of Zin.
 10087 | D:11     | Reached ***** piety under Trog
 10094 | D:11     | Found a staircase to the Lair.
 10541 | D:11     | Noticed an unseen horror
 10550 | D:11     | Killed an unseen horror
 10634 | D:11     | Received a gift from Trog
 10637 | D:11     | Got an ichor-stained bardiche {god gift}
 10664 | D:11     | Identified the +7 bardiche "Atauh" {vamp, rF+ rC++ Int-5} (Trog gifted it to you on level 11 of the Dungeon)
 10886 | Lair:1   | Entered Level 1 of the Lair of Beasts
 11100 | Lair:1   | Gained mutation: You have a moderately thin skeletal structure. (Dex +4, Stealth+) [demonic ancestry]
 11100 | Lair:1   | Reached XP level 12. HP: 96/96 MP: 12/12
 11355 | Lair:1   | Noticed a six-headed hydra
 11362 | Lair:1   | Killed a nine-headed hydra
 11362 | Lair:1   | Reached skill level 12 in Polearms
 12053 | Lair:2   | Reached skill level 10 in Fighting
 12059 | Lair:2   | Received a gift from Trog
 12394 | Lair:2   | Found a hazy altar of Hepliaklqana.
 12962 | Lair:2   | Splashed by an oklob plant's acid

Vault maps used:
D:1:      dpeg_arrival_more_subterranean_lakeside_camping
D:2:      uniq_sigmund, uniq_terence
D:3:      lemuel_round_altar, first_bread
D:4:      wad_crossroads, grunt_temple_overflow_cloverleaf,
          nicolae_dithmenos_shadow_blocks
D:5:      minmay_opposing_rooms, kennysheep_little_box
D:6:      yredelemnul_forgotten_temple_becter, elyvilon_altar_5,
          vehumet_altar_wand_db, minmay_temple_entry_butterflies, serial_shops,
          nicolae_shop_behind_doors, corexii_leaking_fountain,
          item_on_display_a, uniq_pikel, uniq_duvessa, uniq_menkaure
D:7:      marbit_many_paths, hangedman_decor_opposing, minivault_1, uniq_joseph
D:8:      kennysheep_ambush_hall, trog_ov_bears_minmay,
          hangedman_pestilent_swarm, uniq_grum, uniq_erica, uniq_psyche
D:9:      okawaru_metal_pillars_3, orc_0_dummy
D:10:     minmay_misc_feat_encased
D:11:     due_lair_maze_entry_diamond, basic_altar
Lair:1:   wad_woods_minihive
Lair:2:   basic_altar, special_room, beast_lair_carwin_9,
          minmay_lair_oklob_chamber, grunt_megastairs_4, serial_bayou_shore_b,
          lemuel_fruit_tree

Skill      XL: |  1  2  3  4  5  6  7  8  9 10 11 12 |
---------------+-------------------------------------+-----
Polearms       | 3 4 5 7 8 10 11 12 | 12.6
Armour         | 2 3 4 5 6 7 8 9 |  9.0
Dodging        | 2 3 4 5 6 7 8 9 |  9.3
Fighting       | 4 5 6 7 8 9 10 | 10.3

Action                   |  1- 3 |  4- 6 |  7- 9 | 10-12 || total
-------------------------+-------+-------+-------+-------++-------
Melee: Spear             |   115 |   171 |   379 |   325 ||   990
       Glaive            |       |       |       |   220 ||   220
       Bardiche          |       |       |       |   165 ||   165
Invok: Berserk           |     3 |     1 |     5 |     5 ||    14
       Trog's Hand       |       |     1 |     4 |     5 ||    10
       Burn Spellbooks   |       |       |     1 |     1 ||     2
Evoke: Wand              |       |       |       |     1 ||     1
  Use: Scroll            |       |       |    18 |     6 ||    24
       Potion            |       |       |       |     1 ||     1
 Stab: Sleeping          |     2 |       |       |       ||     2
       Confused          |       |       |       |     1 ||     1
       Distracted        |       |       |       |     1 ||     1
  Eat: Chunk             |     4 |     7 |    17 |    22 ||    50
       Fruit             |       |       |       |     4 ||     4
       Meat ration       |       |       |       |     1 ||     1
       Royal jelly       |       |       |       |     1 ||     1
Armor: Animal skin       |     1 |       |       |       ||     1
       Ring mail         |    40 |    10 |       |       ||    50
       Chain mail        |       |    27 |    96 |    52 ||   175
       Plate armour      |       |       |       |    97 ||    97
Dodge: Dodged            |    54 |    42 |   105 |   444 ||   645
